 Dungeon Crawl Stone Soup version 0.31-a0-365-gcf821cafb2 (webtiles) character file.

Game seed: 2902992583422412577

100450 Shard1697 the Severer (level 15, -6/143 HPs)
             Began as an Armataur Gladiator on July 27, 2023.
             Was the Champion of Makhleb.
             Mangled by a guardian serpent (14 damage)
             ... on level 2 of the Snake Pit.
             The game lasted 00:37:47 (23174 turns).

Shard1697 the Severer (Armataur Gladiator)         Turns: 23174, Time: 00:37:48

Health: -6/143     AC: 24    Str: 23    XL:     15   Next: 80%
Magic:  30/30      EV: 15    Int: 10    God:    Makhleb [******]
Gold:   1677       SH:  0    Dex: 14    Spells: 14/14 levels left

rFire   + . .        a - +4 battleaxe
rCold   . . .        (shield currently unavailable)
rNeg    . . .        r - +3 scale mail {rPois}
rPois   +            c - +0 helmet
rElec   .            (no cloak)
rCorr   .            W - +0 pair of gloves
SInv    .            K - +4 barding {Fly}
Will    ++...        h
                       - Hermit's Pendant {Faith Invo=14 Evo=0 MP+5}
Stlth   ++           M - ring of protection from fire
HPRegen 0.43/turn    f - ring of Kempet {Will+ EV+5}
MPRegen 0.22/turn

%: roll, faith
@: flying, slowed, very slow
A: large, rugged brown scales 3, deformed body, armoured tail, roll, long
tongue, awkward tongue
a: Renounce Religion, Minor Destruction, Lesser Servant of Makhleb, Major
Destruction, Greater Servant of Makhleb


You were on level 2 of the Snake Pit.
You worshipped Makhleb.
Makhleb was exalted by your worship.
You visited 4 branches of the dungeon, and saw 23 of its levels.
You also visited: Ice Cave.

You collected 2607 gold pieces.
You spent 930 gold pieces at shops.

Inventory:

Hand Weapons
 a - a +4 battleaxe (weapon)
 b - a +3 morningstar
 U - a +1 heavy executioner's axe
 Y - a +0 broad axe
Missiles
 p - 15 javelins
 C - 7 throwing nets (quivered)
Armour
 c - a +0 helmet (worn)
 r - a +3 scale mail of poison resistance (worn)
 K - a +4 barding of flying (worn)
 L - a +0 troll leather armour
 W - a +0 pair of gloves (worn)
Jewellery
 f - the ring of Kempet (right hand) {Will+ EV+5}
   (You bought it in a shop on level 1 of the Dungeon)

   [ring of evasion]

   EV:        It affects your evasion (+5).
   Will:      It increases your willpower.
 h - the Hermit's Pendant (around neck) {Faith Invo=14 Evo=0 MP+5}
   (You found it on level 2 of the Dungeon)

   [amulet of faith]

   Invo=14: It sets your Invocations skill to 14.
   Evo=0: It sets your Evocations skill to 0.
   It allows you to gain divine favour quickly.
   MP:        It affects your magic capacity (+5).
 k - a +4 ring of protection
 q - a ring of willpower
 t - an amulet of reflection
 M - a ring of protection from fire (left hand)
 R - a ring of protection from cold
 X - a ring of positive energy
Wands
 A - a wand of flame (23)
 B - a wand of roots (25)
 D - a wand of light (3)
 G - a wand of digging (10)
 I - a wand of charming (12)
 O - a wand of mindburst (11)
 P - a wand of polymorph (23)
Scrolls
 j - 2 scrolls of enchant armour
 n - 4 scrolls of teleportation
 o - a scroll of enchant weapon
 w - 2 scrolls of fog
 x - 5 scrolls of identify
 y - a scroll of silence
 E - 2 scrolls of poison
 F - 2 scrolls of amnesia
 J - a scroll of torment
 S - a scroll of revelation
Potions
 d - 5 potions of might
 e - 2 potions of curing
 g - 8 potions of enlightenment
 i - 3 potions of attraction
 l - 5 potions of mutation
 m - 3 potions of haste
 s - 5 potions of berserk rage
 u - 2 potions of brilliance
 z - 4 potions of magic
 H - a potion of ambrosia
 Q - 2 potions of cancellation
Miscellaneous
 v - a lightning rod (4/4)
 N - a condenser vane
 T - a sack of spiders


   Skills:
 - Level 12.5 Fighting
 + Level 17.6 Axes
 - Level 1.7 Throwing
 - Level 10.0 Armour
 + Level 9.4 Dodging
 - Level 6.0 Stealth


You had 14 spell levels left.
You didn't know any spells.
Your spell library contained the following spells:

 Spells                   Type           Power      Damage    Failure   Level
 Kiss of Death            Conj/Necr      0%         2d5       63%         1
 Call Imp                 Summ           0%         N/A       77%         2
 Ensorcelled Hibernation  Hex/Ice        0%         N/A       77%         2
 Passwall                 Tmut/Erth      0%         N/A       77%         2
 Scorch                   Fire           0%         2d5       77%         2
 Sublimation of Blood     Necr           0%         N/A       77%         2
 Confusing Touch          Hex            0%         N/A       94%         3
 Dazzling Flash           Conj/Hex       0%         N/A       94%         3
 Inner Flame              Hex/Fire       0%         N/A       94%         3
 Portal Projectile        Hex/Tloc       0%         N/A       94%         3
 Summon Guardian Golem    Hex/Summ       0%         N/A       94%         3
 Swiftness                Air            0%         N/A       94%         3
 Tukima's Dance           Hex            0%         N/A       94%         3
 Volatile Blastmotes      Fire/Tloc      0%         2d10      94%         3
 Anguish                  Hex/Necr       0%         N/A       100%        4
 Animate Armour           Summ/Erth      0%         N/A       100%        4
 Dispel Undead            Necr           0%         3d6       100%        4
 Flame Wave               Conj/Fire      0%         2d4       100%        4
 Iskenderun's Mystic Bla  Conj/Tloc      0%         2d3       100%        4
 Leda's Liquefaction      Hex/Erth       0%         N/A       100%        4
 Petrify                  Tmut/Erth      0%         N/A       100%        4
 Sticky Flame             Conj/Fire      0%         2d3       100%        4
 Summon Lightning Spire   Summ/Air       0%         N/A       100%        4
 Irradiate                Conj/Tmut      0%         3d11      100%        5
 Iskenderun's Battlesphe  Conj           0%         2d6       100%        5
 Lee's Rapid Deconstruct  Erth           0%         3d4*      100%        5
 Leda's Unmaking          Conj/Erth      0%         9d1       100%        6
 Starburst                Conj/Fire      0%         6d3       100%        6
 Summon Cactus Giant      Summ           0%         N/A       100%        6
 Spellforged Servitor     Conj/Summ      0%         N/A       100%        7
 Maxwell's Capacitive Co  Air            0%         ∞         100%        8
 Dragon's Call            Summ           0%         N/A       100%        9


Dungeon Overview and Level Annotations

Branches:
Dungeon (15/15)            Temple (1/1) D:4            Lair (5/5) D:9
 Shoals (0/4) Lair:3        Snake (2/4) Lair:3        Slime (0/5) Lair:5
    Orc (0/2) D:11         Vaults (0/5) D:13         Depths (0/4) D:15
  IceCv (visited)

Altars:
Ashenzari
Cheibriados
Dithmenos
Elyvilon
Fedhas
Gozag
Hepliaklqana
Kikubaaqudgha
Makhleb
Nemelex Xobeh
Okawaru
Qazlal
Ru
Sif Muna
Trog
Uskayaw
Vehumet
Wu Jian
Xom
Yredelemnul
Zin
The Shining One

Shops:
D:1 =

Annotations:
D:6 2 transporters, Brisketman's ghost, novice MfGl
D:15 Jorgrun
Snake:2 Vashnia


Innate Abilities, Weirdness & Mutations

You are completely covered in rugged brown scales. (AC +3, +7% HP)
Armour fits poorly on your strangely shaped body.
You have a long armoured tail.
You roll when moving toward enemies. (Rampage)
Your long tongue fully drains potion bottles. (2x potion effects)
Your tongue gives you trouble enunciating. (1.5x scroll delay)


Message History

The naga spits poison at you.
The splash of poison hits you but does no damage.
You resist.
The naga warrior hits you but does no damage.
The naga warrior closely misses you. The naga mage barely misses you.
The nagaraja spits poison at you. The splash of poison hits you!
You are more poisoned.
You resist.
* * * LOW HITPOINT WARNING * * *
The naga warrior hits you but does no damage.
The naga warrior closely misses you.
You feel better.
You slurp down every last drop of the potion of curing!
The naga warrior spits poison at you.
The splash of poison hits you but does no damage.
You are poisoned.
You have difficulty breathing.
* * * LOW HITPOINT WARNING * * *
You feel yourself slow down. The naga hits you with a +0 trident!
* * * LOW HITPOINT WARNING * * *
The naga barely misses you.
The naga mage casts a spell at the naga warrior.
The naga warrior seems to grow toxic.
The naga warrior roars a battlecry!
The nagas go into a battle-frenzy!
The nagaraja points at you and mumbles some strange words.
The poison arrow hits you!
You are lethally poisoned!
You partially resist.
* * * LOW HITPOINT WARNING * * *
Vashnia shouts!
Okay, then.
Okay, then.
You feel better.
You slurp down every last drop of the potion of curing!
The guardian serpent hits you!
* * * LOW HITPOINT WARNING * * *
The guardian serpent hits you!
You die...

##..............# ..#
##.).N....)....# #..#
###......)))..##...#
###...#....<#####...#
#...###.#...........#
#####.####..#.........##
......###..##.......#.#
######....###...NNN.#.#
.......#### #...@S†...#
......## #...NNN...#
......# #.........##
......# ####...#...##
>###### ##.#...#..#.#
#...........#
#...#.........#
#.###.........# #.
#.........#


You could see Vashnia, a nagaraja (strong), 3 naga warriors, a guardian serpent,
a naga mage (strong, catching breath) and a naga (strong, catching breath).

Vanquished Creatures
  Gastronok (D:8)
  An ettin (D:15)
  A rakshasa (D:14)
  A salamander tyrant (Snake:1)
  7 hydras
  Harold (Lair:2)
  2 catoblepae
  3 centaur warriors
  An anaconda (Snake:1)
  2 dancing weapons (D:13)
  A deep troll shaman (Lair:5)
  6 death yaks (Lair:5)
  3 boulder beetles
  A tengu warrior (D:14)
  Urug (Lair:5)
  A shock serpent (Snake:1)
  A naga sharpshooter (Snake:1)
  3 skeletal warriors
  4 skysharks
  A salamander mystic (Snake:1)
  2 naga ritualists (Snake:1)
  Lodul (D:12)
  2 lindwurms
  A wizard (D:15)
  A deep troll (D:15)
  An orc sorcerer (D:14)
  A deep elf pyromancer (D:13)
  A mana viper (Snake:1)
  2 cyclopes
  A manticore (D:14)
  15 ugly things
  5 salamanders
  3 ice statues (IceCv)
  Joseph (D:8)
  31 elephants
  2 naga magi (Snake:1)
  12 black mambas
  2 merfolk sirens (Lair:3)
  A gargoyle (D:12)
  12 cane toads
  A kobold demonologist (D:12)
  An unseen horror (D:10)
  A freezing wraith (D:14)
  2 efreet
  8 komodo dragons
  A rime drake (Lair:3)
  2 anaconda simulacra (IceCv)
  2 ice devils (Lair:1)
  3 meliai (D:15)
  4 trolls
  A polar bear (shapeshifter) (D:13)
  6 polar bears
  2 merfolk (Lair:3)
  14 blink frogs
  3 dream sheep (Lair:3)
  Sigmund (D:4)
  13 slime creatures
  5 shadows
  2 wraiths
  41 yaks
  4 wyverns
  3 steam dragons
  4 basilisks
  7 vampire mosquitoes
  A death yak simulacrum (IceCv)
  11 nagas
  An acid dragon (D:10)
  14 water moccasins
  3 black bears
  9 orc warriors
  A sky beast (D:7)
  8 ogres
  31 wolves
  8 centaurs
  A phantom (D:5)
  2 kobold brigands
  A bullfrog (shapeshifter) (D:14)
  Blork the orc (D:4)
  13 bullfrogs
  A gnoll sergeant (D:13)
  A scorpion (D:6)
  9 wights
  3 elephant simulacra (IceCv)
  4 killer bees (D:9)
  3 electric eels
  4 howler monkeys
  13 jellies
  9 hounds
  5 orc priests
  2 gnoll boudas
  3 iguanas
  2 sleepcaps
  14 orc wizards
  A mummy (D:7)
  8 adders
  16 gnolls
  A shadow imp (D:6)
  An ufetubus (D:5)
  A worm (D:2)
  6 dart slugs
  49 orcs
  4 ball pythons
  8 endoplasms
  5 giant cockroaches
  13 goblins
  12 hobgoblins
  4 jackals
  3 quokkas
  A bat (D:1)
  4 frilled lizards
  3 hobgoblin zombies (D:7)
  20 kobolds
  An orc zombie (D:7)
  5 rats
614 creatures vanquished.

Vanquished Creatures (collateral kills)
  Rupert (Snake:1)
  Aizul (Snake:2)
  An anaconda (Snake:1)
  A naga sharpshooter (Snake:2)
  A necromancer (D:15)
  2 salamanders
  An ugly thing (D:15)
  An elephant (Lair:2)
  2 cane toads (Lair:2)
  A hornet (Lair:2)
  3 dream sheep (Lair:3)
  A wyvern (Lair:3)
  A fire bat (D:12)
  A death yak simulacrum (IceCv)
  A bullfrog (Lair:2)
  A cane toad simulacrum (IceCv)
  A wight (D:8)
  An orc (D:8)
22 creatures vanquished.

Vanquished Creatures (others)
  A black mamba (Snake:1)
1 creature vanquished.

Grand Total: 637 creatures vanquished

Notes
Turn   | Place    | Note
-------+----------+-------------------------------------------
     0 | D:1      | Shard1697 the Armataur Gladiator began the quest for the
                  | Orb.
     0 | D:1      | Reached XP level 1. HP: 18/18 MP: 1/1
   211 | D:1      | Reached skill level 3 in Axes
   211 | D:1      | Reached XP level 2. HP: 20/25 MP: 2/2
   445 | D:1      | Found Etiateecw's Jewellery Emporium.
   796 | D:2      | Found the Hermit's Pendant {Faith Invo=14 Evo=0 MP+5}
   965 | D:2      | Reached XP level 3. HP: 29/31 MP: 3/3
  1255 | D:2      | Found a faded altar of an unknown god.
  1771 | D:3      | Reached skill level 4 in Axes
  1771 | D:3      | Reached XP level 4. HP: 38/38 MP: 13/13
  2158 | D:4      | Found a staircase to the Ecumenical Temple.
  2175 | Temple   | Entered the Ecumenical Temple
  2192 | Temple   | Became a worshipper of Makhleb the Destroyer
  2484 | D:4      | Noticed Sigmund
  2579 | D:4      | Killed Sigmund
  2580 | D:4      | Reached skill level 5 in Axes
  2580 | D:4      | Reached XP level 5. HP: 43/43 MP: 14/14
  2612 | D:4      | Found a bloodstained altar of Trog.
  2612 | D:4      | Noticed a black bear
  2612 | D:4      | Noticed a black bear
  2622 | D:4      | Killed a black bear
  2623 | D:4      | Reached skill level 6 in Axes
  2623 | D:4      | Reached XP level 6. HP: 24/51 MP: 16/16
  2803 | D:4      | Noticed Blork the orc
  2810 | D:4      | Killed Blork the orc
  2811 | D:4      | Reached XP level 7. HP: 43/56 MP: 17/17
  3427 | D:4      | Identified a scroll of acquirement
  3427 | D:4      | Acquired 1039 gold pieces
  3516 | D:1      | Bought the ring of Kempet {Will+ EV+5} for 534 gold pieces
  3517 | D:1      | Bought a +4 ring of protection for 396 gold pieces
  3627 | D:5      | Entered Level 5 of the Dungeon
  3635 | D:5      | Reached * piety under Makhleb
  3636 | D:5      | Reached skill level 7 in Axes
  4103 | D:5      | Reached ** piety under Makhleb
  4686 | D:6      | Found a transporter.
  4741 | D:6      | Reached XP level 8. HP: 61/67 MP: 18/18
  4796 | D:6      | Reached *** piety under Makhleb
  4937 | D:6      | Noticed Brisketman's ghost (novice MfGl)
  4939 | D:6      | Found a transporter.
  4939 | D:6      | Noticed a boulder beetle
  4985 | D:6      | Reached skill level 8 in Axes
  5934 | D:7      | Reached skill level 5 in Fighting
  6567 | D:7      | Reached XP level 9. HP: 76/80 MP: 19/19
  6773 | D:8      | Reached **** piety under Makhleb
  6774 | D:8      | Reached skill level 9 in Axes
  6956 | D:8      | Noticed Gastronok
  6960 | D:8      | Noticed Joseph
  7358 | D:8      | Killed Joseph
  7364 | D:8      | Killed Gastronok
  7365 | D:8      | Reached skill level 10 in Axes
  7365 | D:8      | Reached XP level 10. HP: 69/94 MP: 20/20
  7444 | D:8      | Acquired a +2 barding of flying
  8025 | D:9      | Found a staircase to the Lair.
  8378 | D:9      | Found a radiant altar of Vehumet.
  8379 | D:9      | Found a hazy altar of Hepliaklqana.
  8380 | D:9      | Found an ancient bone altar of Kikubaaqudgha.
  8380 | D:9      | Found a hide-covered altar of Uskayaw.
  8380 | D:9      | Found an opulent altar of Gozag.
  8381 | D:9      | Found a shimmering altar of Xom.
  8382 | D:9      | Found a snail-covered altar of Cheibriados.
  8382 | D:9      | Found a sacrificial altar of Ru.
  8383 | D:9      | Found a sparkling altar of Nemelex Xobeh.
  8383 | D:9      | Found an iron altar of Okawaru.
  8383 | D:9      | Found a white marble altar of Elyvilon.
  8464 | D:9      | Reached ***** piety under Makhleb
  8588 | D:10     | Entered Level 10 of the Dungeon
  8667 | D:10     | Reached skill level 11 in Axes
  8928 | D:10     | Noticed a cyclops
  8948 | D:10     | Killed a cyclops
  9509 | D:11     | Reached skill level 10 in Fighting
  9515 | D:11     | Reached XP level 11. HP: 86/105 MP: 21/21
  9909 | D:11     | Found a staircase to the Orcish Mines.
 10163 | D:12     | Identified the +2 leather armour of Grace {rElec rC- rN++
                  | MP+9}
 10228 | D:12     | Reached skill level 12 in Axes
 10258 | D:12     | Got the Guide on Calling
 10365 | D:12     | Noticed a green ugly thing
 10369 | D:12     | Killed a green ugly thing
 10534 | D:12     | Noticed Lodul
 10548 | D:12     | Killed Lodul
 10771 | D:12     | Found a sparkling altar of Nemelex Xobeh.
 10961 | D:12     | Noticed Sonja
 10963 | D:12     | Sonja changed into Sonja the fire bat
 10963 | D:12     | Noticed Sonja
 10968 | D:12     | Killed Sonja the fire bat
 11089 | Lair:1   | Entered Level 1 of the Lair of Beasts
 11139 | Lair:1   | Reached XP level 12. HP: 119/119 MP: 22/22
 11171 | Lair:1   | Found a frozen archway.
 11184 | Lair:1   | Reached skill level 13 in Axes
 11260 | IceCv    | Entered an ice cave
 11868 | Lair:1   | Reached ****** piety under Makhleb
 11869 | Lair:1   | Reached skill level 1 in Armour
 12006 | Lair:1   | Found a hide-covered altar of Uskayaw.
 12040 | Lair:1   | Acquired a +1 heavy executioner's axe
 12563 | Lair:2   | Noticed a four-headed hydra
 12603 | Lair:2   | Noticed Harold
 12654 | Lair:2   | Noticed a six-headed hydra
 12659 | Lair:2   | Reached skill level 5 in Armour
 12745 | Lair:3   | Found a staircase to the Snake Pit.
 12874 | Lair:3   | Noticed a five-headed hydra
 12887 | Lair:3   | Killed a five-headed hydra
 12888 | Lair:3   | Reached skill level 14 in Axes
 12997 | Lair:3   | Found a staircase to the Shoals.
 13157 | Lair:3   | Noticed a catoblepas
 13181 | Lair:3   | Reached XP level 13. HP: 45/127 MP: 23/23
 14005 | Lair:2   | Killed Harold
 14147 | Lair:3   | Reached skill level 10 in Armour
 14161 | Lair:3   | Reached skill level 15 in Axes
 14161 | Lair:3   | Reached skill level 1 in Stealth
 14625 | Lair:3   | Noticed Nessos
 14627 | Lair:3   | Nessos changed into Nessos the lindwurm
 14627 | Lair:3   | Noticed Nessos
 14635 | Lair:3   | Killed Nessos the lindwurm
 14810 | Lair:4   | Found a shimmering altar of Xom.
 15634 | Lair:5   | Entered Level 5 of the Lair of Beasts
 15715 | Lair:5   | Found the +13 scythe of Curses {drain, curses, Drain}
 15734 | Lair:5   | Reached XP level 14. HP: 135/135 MP: 24/24
 15793 | Lair:5   | Reached skill level 5 in Stealth
 15793 | Lair:5   | Noticed Urug
 15808 | Lair:5   | Killed Urug
 16385 | Lair:5   | Reached skill level 5 in Dodging
 16387 | Lair:5   | Found a staircase to the Slime Pits.
 17090 | Lair:5   | Reached skill level 16 in Axes
 18396 | D:13     | Found a gate to the Vaults.
 19178 | D:14     | Reached XP level 15. HP: 112/143 MP: 25/25
 19262 | D:14     | Found a stormy altar of Qazlal.
 19850 | D:15     | Entered Level 15 of the Dungeon
 20452 | D:15     | Reached skill level 17 in Axes
 20525 | D:15     | Found a staircase to the Depths.
 20529 | D:15     | Noticed Jorgrun
 20879 | Snake:1  | Entered Level 1 of the Snake Pit
 21502 | Snake:1  | Noticed Rupert
 21516 | Snake:1  | Killed Rupert
 21678 | Snake:1  | Identified the +3 spear "Juxuliq" {elec, rN++}
 22320 | Snake:2  | Noticed Aizul
 22328 | Snake:2  | Killed Aizul
 22329 | Snake:2  | Noticed Vashnia
 22977 | Snake:2  | Noticed a nagaraja
 23150 | Snake:2  | Noticed a nagaraja
 23173 | Snake:2  | HP: 4/143 [nagaraja/poison arrow (12)]
 23174 | Snake:2  | Mangled by a guardian serpent

Illustrated notes

Levels and vault maps discovered:
D:1:      tarquinn_simple_flora_water_b, layout_basic, serial_shops,
          nicolae_shop_statue_plus
D:2:      layout_rooms, shapermc_ecumenical_altar_petra
D:3:      layout_loops_ring, minmay_misc_feat_roman, kennysheep_flooded_box
D:4:      minmay_skewed_foursquare, layout_cave_pods, trog_ov_bears_minmay,
          minmay_temple_entry_wispy, kennysheep_diamond, uniq_edmund,
          uniq_sigmund, uniq_blork_the_orc
D:5:      corexii_shantytown, layout_basic
D:6:      layout_gridville, gammafunk_ghost_arena
D:7:      layout_loops_cross, grunt_ogre_cave, minmay_mini_ossuary
D:8:      layout_cave_pools, uniq_joseph, uniq_gastronok
D:9:      layout_loops_ring, nicolae_overflows_in_rows, erik_lair_island
D:10:     layout_irregular_city
D:11:     layout_rooms, erik_orc_2
D:12:     layout_basic, nemelex_spade_bored_becter, uniq_sonja, uniq_lodul
D:13:     layout_gridville, erik_vaults_1
D:14:     layout_cave_pools, serial_bayou_pond_a, grunt_qazlal_sundering
D:15:     hangedman_depths_entry_civil_slaughter, layout_loops_ring,
          nicolae_two_hexagons, nicolae_transmutations_shop, uniq_jorgrun
Temple:   zaba_magenta_temple
Lair:1:   layout_long_grid, basic_altar, portal_ice_cave_demonic_guard,
          dreamdust_gnoll_shepherd, lemuel_fruit_fields
Lair:2:   layout_misc_corridors, lemuel_fruit_tree, uniq_harold
Lair:3:   layout_chaotic_city, elwin_shoals_entry_stream,
          minmay_snake_entry_guardpost_small, grunt_megastairs_2, uniq_nessos
Lair:4:   layout_loops_ring, basic_altar
Lair:5:   grunt_lair_end_beastmaster, layout_big_grid,
          minmay_slime_entry_jelly_boxes, hangedman_lair_unloving_vines,
          grunt_megastairs_5, uniq_urug
Snake:1:  layout_onion_interference, uniq_rupert
Snake:2:  layout_rooms, st_stairs_8, uniq_vashnia, uniq_nikola, uniq_aizul

Skill      XL: |  1  2  3  4  5  6  7  8  9 10 11 12 13 14 15 |
---------------+----------------------------------------------+-----
Axes           | 3 4 5 6 7 8 10 11 12 14 15 16 17 | 17.6
Fighting       | 3 5 8 10 11 12 | 12.5
Armour         | 7 10 | 10.0
Stealth        | 4 6 |  6.0
Dodging        | 3 7 9 |  9.4
Throwing       | |  1.7

Action                     |  1- 3 |  4- 6 |  7- 9 | 10-12 | 13-15 || total
---------------------------+-------+-------+-------+-------+-------++-------
  Melee: War axe           |    99 |    50 |   355 |       |       ||   504
         Tailslap          |     9 |     7 |    53 |    96 |   213 ||   378
         Punch             |       |       |     2 |       |       ||     2
         Battleaxe         |       |       |    38 |   613 |  1041 ||  1692
         Morningstar       |       |       |       |     8 |    34 ||    42
  Throw: Throwing net      |       |     5 |     1 |       |       ||     6
 Invoke: Minor Destruction |       |       |     3 |    12 |    37 ||    52
         Lesser Servant of |       |       |     3 |     6 |     8 ||    17
         Major Destruction |       |       |       |     5 |     1 ||     6
         Greater Servant o |       |       |       |       |     2 ||     2
  Evoke: Wand              |       |       |       |     1 |     3 ||     4
    Use: Scroll            |       |       |    20 |    12 |     8 ||    40
         Potion            |       |       |     2 |     4 |     3 ||     9
   Stab: Sleeping          |     1 |       |       |       |     3 ||     4
         Held in net/web   |       |     1 |       |       |       ||     1
         Distracted        |       |       |       |       |     3 ||     3
         Petrified         |       |       |       |       |     8 ||     8
         Invisible         |       |       |       |       |     2 ||     2
 Armour: Leather armour    |    40 |    22 |     5 |       |       ||    67
         Chain mail        |       |       |   169 |    28 |       ||   197
         Troll leather arm |       |       |       |   301 |    85 ||   386
         Plate armour      |       |       |       |    39 |       ||    39
         Scale mail        |       |       |       |       |   667 ||   667
  Dodge: Dodged            |    45 |    32 |   197 |   367 |   756 ||  1397

Table legend: (Time is in decaauts)
 A = Elapsed time spent in this place.
 B = Non-inter-level travel time spent in this place.
 C = Inter-level travel time spent in this place.
 D = Time resting spent in this place.
 E = Time spent auto-exploring this place.
 F = Levels seen in this place.
 G = Mean time per level.
                   A        B        C        D        E       F      G
               +--------+--------+--------+--------+--------+-----+--------+
         Total |  23281 |  21967 |   1314 |   4319 |  12764 |  24 |  970.0 |
       Dungeon |  13796 |  12888 |    908 |   1287 |   8882 |  15 |  919.7 |
        Temple |     77 |     45 |     32 |     40 |      0 |   1 |   77.0 |
          Lair |   6723 |   6404 |    319 |   1511 |   3308 |   5 | 1344.6 |
     Snake Pit |   2154 |   2100 |     54 |   1187 |    574 |   2 | 1077.0 |
      Ice Cave |    530 |    530 |      0 |    294 |      0 |   1 |  530.0 |
               +--------+--------+--------+--------+--------+-----+--------+

Top non-repeatable levels by time:
  Lair:5: 2216 daAuts
 Snake:1: 1979 daAuts
  Lair:3: 1641 daAuts
     D:7: 1490 daAuts
     D:4: 1473 daAuts
    D:14: 1306 daAuts
  Lair:4: 1105 daAuts
  Lair:1: 1021 daAuts
    D:12: 1020 daAuts
     D:6: 1010 daAuts
     D:9: 964 daAuts
     D:5: 912 daAuts
     D:3: 867 daAuts
    D:10: 831 daAuts
     D:1: 815 daAuts
